 Dungeon Crawl Stone Soup version 0.15.0-31-geb66e34 (webtiles) character file.

485 Rhoefr the Slasher (level 7, 0/51 HPs)
             Began as a Formicid Death Knight on Sept 13, 2014.
             Was a Follower of Yredelemnul.
             Succumbed to a kobold's poison
             ... on Level 4 of the Dungeon.
             The game lasted 00:23:25 (4774 turns).

Rhoefr the Slasher (Formicid Death Knight)          Turns: 4774, Time: 00:23:25

HP   0/51        AC  7     Str 19      XL: 7   Next: 35%
MP  14/14        EV 11     Int 11      God: Yredelemnul [*.....]
Gold 188         SH  0     Dex 10      Spells:  0 memorised,  6 levels left

rFire  . . .     SeeInvis +     a - +1 falchion
rCold  . . .     Clarity  .     b - +0 leather armour
rNeg   . . .     rCorr    .     (no shield)
rPois  .         rRot     .     (helmet unavailable)
rElec  .         Spirit   .     t - +2 cloak
SustAb .         Warding  .     i - +0 pair of gloves
rMut   .         Stasis   +     (no boots)
Gourm  .                        (no amulet)
MR     .....                    (no ring)
                                (no ring)

@: lethally poisoned, not resistant to hostile enchantments, very unstealthy
A: permanent stasis, dig shafts and tunnels, four strong arms, antennae 3
a: Dig, Shaft Self, Animate Remains, Renounce Religion


You were on level 4 of the Dungeon.
You worshipped Yredelemnul.
Yredelemnul was aware of your devotion.
You were very hungry.

You visited 1 branch of the dungeon, and saw 4 of its levels.

You collected 188 gold pieces.

Inventory:

Hand weapons
 a - a +1 falchion (weapon)
Armour
 b - a +0 leather armour (worn)
 e - a +0 cloak
 i - a +0 pair of gloves (worn)
 t - a +2 cloak (worn)
Magical devices
 g - a wand of slowing (0)
 s - a wand of enslavement (8) {unknown}
Scrolls
 d - 3 scrolls of recharging
 f - a scroll of amnesia {unknown}
 j - 3 scrolls of identify
 k - 3 scrolls of remove curse
 o - 2 scrolls of teleportation {unknown}
 p - a scroll of enchant weapon {unknown}
 q - a scroll of magic mapping {unknown}
 u - a scroll of immolation {unknown}
Potions
 c - a potion of degeneration {unknown}
 h - 4 potions of curing
 l - 2 potions of lignification {unknown}
 m - a potion of cancellation {unknown}
 n - 2 potions of brilliance {unknown}


   Skills:
 - Level 2.4 Fighting
 + Level 6.7 Long Blades
 - Level 2.1 Armour
 - Level 1.1 Dodging
 - Level 4.2 Invocations


You had 6 spell levels left.
You didn't know any spells.

Dungeon Overview and Level Annotations

Branches:
Dungeon (4/15)
 Temple: D:4-7

Altars:


Innate Abilities, Weirdness & Mutations

Your are under a permanent stasis effect.
You can dig through walls and to a lower floor.
Your four strong arms can wield two-handed weapons with a shield.
You have a pair of large antennae on your head (SInv).


Message History

You hit the ogre.
The ogre is heavily wounded.
You feel sick.
Unknown command.
You hit the ogre but do no damage.
The ogre is heavily wounded.
The ogre hits you with a giant spiked club!!
* * * LOW HITPOINT WARNING * * *
Yredelemnul mirrors your injury!
You kill the ogre!
Yredelemnul accepts your kill.
You can no longer recall your undead slaves and mirror injuries on your foes.
* * * LOW HITPOINT WARNING * * *
You feel sick.
Your dark mirror aura disappears.
* * * LOW HITPOINT WARNING * * *
You feel sick.
You see here 10 gold pieces.
You die...
Your body rises from the dead as a mindless zombie.

#..# ..####. #.......
#..... #########...#
###<.........##
##.........((..##
#...........(.(.##
##.....@...$.....)######
##.....<................#
#.....((...........).....
#...................)....
#..>................%.[..
..........................
$##.......................
#...........)...........
#..................####.


There were no monsters in sight!

Vanquished Creatures
  The ghost of katrin the Skirmisher, an average MiFi (D:3)
  An ogre (D:4)
  Sigmund (D:3)
  Crazy Yiuf (D:3)
  A worker ant (D:3)
  Ijyb (D:2)
  Terence (D:1)
  4 gnolls (D:2)
  4 adders
  A giant mite (D:2)
  3 worms (D:2)
  3 giant geckos
  An ooze (D:1)
  An orc (D:4)
  6 bats
  3 giant cockroaches
  10 goblins
  7 hobgoblins
  6 jackals
  7 kobolds
  A ball python (D:4)
  4 giant newts
  7 rats
75 creatures vanquished.

Vanquished Creatures (collateral kills)
  A giant mite (D:3)
  2 jackals
  2 kobolds
  2 ball pythons
7 creatures vanquished.

Vanquished Creatures (others)
  2 bat zombies (D:3)
  A giant newt zombie (D:2)
  A goblin zombie (D:1)
  A kobold zombie (D:4)
5 creatures vanquished.

Grand Total: 87 creatures vanquished

Notes
Turn   | Place    | Note
--------------------------------------------------------------
     0 | D:1      | Rhoefr, the Formicid Death Knight, began the quest for the Orb.
     0 | D:1      | Reached XP level 1. HP: 16/16 MP: 2/2
   184 | D:1      | Reached XP level 2. HP: 14/23 MP: 5/5
   690 | D:1      | Reached skill level 4 in Invocations
   690 | D:1      | Reached XP level 3. HP: 28/28 MP: 6/6
   709 | D:1      | Acquired Yredelemnul's second power
   887 | D:2      | Noticed Terence
   907 | D:1      | Killed Terence
   907 | D:1      | Reached skill level 1 in Dodging
  1122 | D:2      | Reached XP level 4. HP: 34/34 MP: 8/8
  1316 | D:2      | Noticed Ijyb
  1375 | D:2      | Killed Ijyb
  1739 | D:2      | Reached XP level 5. HP: 24/39 MP: 11/11
  2904 | D:3      | Noticed katrin's ghost (average MiFi)
  3208 | D:3      | Noticed Sigmund
  3223 | D:3      | Killed Sigmund
  3223 | D:3      | Reached skill level 5 in Long Blades
  3223 | D:3      | Reached XP level 6. HP: 24/46 MP: 12/12
  3605 | D:3      | Noticed Crazy Yiuf
  3618 | D:3      | Killed Crazy Yiuf
  4465 | D:3      | Killed katrin's ghost
  4465 | D:3      | Reached skill level 6 in Long Blades
  4465 | D:3      | Reached XP level 7. HP: 22/51 MP: 14/14
  4763 | D:4      | HP: 2/51 [ogre/giant spiked club (19)]
  4770 | D:4      | HP: 1/51 [poisoned by a kobold]
  4774 | D:4      | Succumbed to a kobold's poison

Action                   |  1- 3 |  4- 6 |  7- 9 || total
-------------------------+-------+-------+-------++-------
Melee: Falchion          |    96 |   219 |    25 ||   340
Invok: Animate Remains   |     5 |     7 |     1 ||    13
       Injury Mirror     |       |     4 |     1 ||     5
  Use: Scroll            |     4 |       |       ||     4
 Stab: Distracted        |       |     1 |       ||     1
       Invisible         |       |     1 |       ||     1
  Eat: Chunk             |     1 |     1 |     1 ||     3
       Bread ration      |       |     1 |       ||     1
       Meat ration       |       |     1 |       ||     1
